 Dungeon Crawl Stone Soup version 0.29-a0-243-g602b31c20e (webtiles) character file.

Game seed: 17688107630091348551

1533 sanka the Insei (level 8, -7/61 HPs)
             Began as a Gnoll Transmuter on Mar 4, 2022.
             Was an Initiate of Okawaru.
             Succumbed to a water moccasin's poison
             ... on level 5 of the Dungeon.
             The game lasted 00:10:25 (5862 turns).

sanka the Insei (Gnoll Transmuter)                  Turns: 5862, Time: 00:10:25

Health: -7/61      AC:  2    Str:  9    XL:     8   Next: 85%
Magic:  15/17      EV: 23    Int: 15    God:    Okawaru [......]
Gold:   283        SH:  5    Dex: 18    Spells: 13/19 levels left

rFire   . . .      SeeInvis .     - Unarmed
rCold   . . .      Faith    .   (shield currently unavailable)
rNeg    . . .      Spirit   .   (body armour currently unavailable)
rPois   x          Reflect  +   (helmet currently unavailable)
rElec   .          Harm     .   (cloak currently unavailable)
rCorr   .          Rampage  .   (gloves currently unavailable)
Will    .....                   (boots currently unavailable)
Stlth   +++.......              u - amulet of reflection
HPRegen 0.20/turn               (no ring)
MPRegen 0.15/turn               (no ring)

@: lethally poisoned (-7 -> -70), spider-form
A: venomous fangs, tiny, (fangs 1), strong nose, distributed training
a: End Transformation, Renounce Religion


You were on level 5 of the Dungeon.
You worshipped Okawaru.
Okawaru was noncommittal.
You were a venomous arachnid creature.
You visited 1 branch of the dungeon, and saw 5 of its levels.

You collected 283 gold pieces.


Innate Abilities, Weirdness & Mutations

You are a venomous arachnid creature.
You have poisonous fangs.
You are tiny and dextrous.
Your spellcasting is less reliable in this form.
Your armour is entirely melded.
You are incapable of wielding weapons or throwing items.
((You have very sharp teeth.))
Your uncanny sense of smell can sniff out nearby items.
Your experience applies equally to all skills.


   Skills:
 + Level 4.5 Fighting
 + Level 3.6 Short Blades
 + Level 3.6 Long Blades
 + Level 3.6 Axes
 + Level 3.6 Maces & Flails
 + Level 3.6 Polearms
 + Level 3.6 Staves
 + Level 3.6 Slings
 + Level 3.6 Bows
 + Level 3.6 Crossbows
 + Level 3.6 Throwing
 + Level 3.6 Armour
 + Level 5.9 Dodging
 + Level 3.6 Stealth
 + Level 3.6 Shields
 + Level 7.5 Unarmed Combat
 + Level 6.2 Spellcasting
 + Level 3.0 Conjurations
 + Level 3.0 Hexes
 + Level 3.0 Summonings
 + Level 3.0 Necromancy
 + Level 3.0 Translocations
 + Level 4.9 Transmutations
 + Level 3.0 Fire Magic
 + Level 3.0 Ice Magic
 + Level 3.0 Air Magic
 + Level 3.0 Earth Magic
 + Level 3.0 Poison Magic
 + Level 4.0 Invocations
 + Level 3.6 Evocations


You had 13 spell levels left.
You knew the following spells:

 Your Spells              Type           Power      Damage    Failure   Level
x - Spider Form           Tmut/Pois      16%        N/A       22%         3
y - Wereblood             Tmut           19%        N/A       11%         2
z - Beastly Appendage     Tmut           38%        N/A       8%          1

Your spell library contained the following spells:

 Spells                   Type           Power      Damage    Failure   Level
 Apportation              Tloc           26%        N/A       13%         1
 Ensorcelled Hibernation  Hex/Ice        26%        N/A       17%         2
 Ice Form                 Ice/Tmut       16%        N/A       50%         4
 Anguish                  Hex/Necr       6%         N/A       61%         4
 Animate Skeleton         Necr           Unusable   N/A       N/A         1
 Summon Small Mammal      Summ           Unusable   N/A       N/A         1

Inventory:

Armour
 a - a +0 robe (melded)
 o - a +0 cloak (melded)
Jewellery
 u - an amulet of reflection (around neck)
Wands
 t - a wand of polymorph (2)
Scrolls
 c - 6 scrolls of identify {unknown}
 f - 2 scrolls of summoning {unknown}
 g - a scroll of noise {unknown}
 i - a scroll of teleportation {unknown}
 j - a scroll of immolation {unknown}
 l - 2 scrolls of brand weapon {unknown}
 q - a scroll of vulnerability {unknown}
 r - a scroll of amnesia {unknown}
 s - a scroll of enchant weapon {unknown}
Potions
 b - a potion of haste {@q3}
 d - 2 potions of lignification {unknown}
 e - 4 potions of heal wounds {@q2}
 h - a potion of cancellation {unknown}
 k - a potion of mutation {unknown}
 m - 3 potions of attraction {unknown}
 n - 2 potions of curing {unknown}
 p - a potion of flight {unknown}

Dungeon Overview and Level Annotations

Branches:
Dungeon (5/15)
 Temple: D:4-7

Altars:
Kikubaaqudgha
Okawaru
Yredelemnul

Shops:
D:2 = D:5

: ▒..▒▒▒....▒ .▒.▒.▒
▒▒.▒...▒▒▒▒ ..... ▒▒▒▒
▒▒...▒▒▒ ....▒▒ ..▒
....▒▒ ▒...▒ ▒.▒▒ ▒▒▒.
.▒.▒▒
▒.▒.▒▒▒▒▒▒..▒▒..... ▒▒.▒
▒▒.▒.....>.........▒
▒▒.▒
▒▒▒▒▒▒...)..▒▒▒▒▒....▒▒▒
▒(..∆ .........)..▒
▒........ ▒▒▒.
▒▒▒▒▒▒▒.s▒▒▒▒ ▒.▒......
▒▒▒▒▒▒▒▒▒..▒▒..S▒▒
....▒...£
.........▒....▒.▒▒▒▒▒▒.
▒▒▒ ▒ ▒▒.
.≈≈≈≈≈≈≈.▒▒▒▒▒▒........
≈..≈≈≈..≈▒ ▒...▒▒▒▒...
≈.≈...≈.≈▒▒▒▒.▒.▒
≈.≈._.≈.≈▒.▒▒.▒.▒
≈.≈...≈.≈▒....▒.▒ ∆
≈..≈≈≈..≈▒...▒▒.▒


You could see a water moccasin (very poisoned).


Message History

You turn into a venomous arachnid creature.
The water moccasin hisses angrily.
No target in view!
You barely miss the water moccasin. The water moccasin bites you.
You are poisoned.
The water moccasin poisons you!
You barely miss the water moccasin.
You feel very sick. The water moccasin misses you.
Unknown command.
You hit the water moccasin.
The water moccasin is poisoned.
The water moccasin is lightly wounded.
You feel very sick. The water moccasin bites you!
* * * LOW HITPOINT WARNING * * *
You are lethally poisoned!
The water moccasin poisons you!
You bite the water moccasin!
The water moccasin is heavily wounded.
* * * LOW HITPOINT WARNING * * *
You feel extremely sick. The water moccasin bites you!
* * * LOW HITPOINT WARNING * * *
You are more poisoned.
The water moccasin poisons you!
You completely miss the water moccasin.
The water moccasin is heavily wounded.
You die...

Action                   |  1- 3 |  4- 6 |  7- 9 || total
-------------------------+-------+-------+-------++-------
Melee: Unarmed           |    86 |   139 |   146 ||   371
       Kick              |    18 |    22 |     7 ||    47
       Headbutt          |     7 |    12 |     4 ||    23
       Bite              |     8 |    12 |     7 ||    27
       Punch             |     4 |     3 |     2 ||     9
 Cast: Beastly Appendage |    19 |    21 |     6 ||    46
       Spider Form       |       |     1 |    16 ||    17
  Use: Potion            |       |     2 |       ||     2
 Stab: Sleeping          |       |     5 |     3 ||     8
       Distracted        |       |     1 |       ||     1
Armor: Robe              |    16 |    21 |    13 ||    50
       Skin              |       |       |     2 ||     2
Dodge: Dodged            |    61 |    75 |    86 ||   222
Block: Other             |       |       |     4 ||     4

Levels and vault maps discovered:
D:1:      matt_arrival_refuge, layout_loops_cross, basic_ecumenical_altar,
          minmay_liquid_box, kennysheep_decorative_pillar
D:2:      layout_loops_ring, serial_shops, shop, minmay_quantized
D:3:      kennysheep_the_goblin_king, layout_loops_ring,
          nicolae_yredelemnul_corpse_copse, uniq_jessica, uniq_grinder
D:4:      layout_basic
D:5:      layout_rooms, mainiacjoe_overflow_paths, kiku_gazebo_garden_becter,
          minmay_temple_entry_wispy, serial_shops, nicolae_stop_n_shop_2,
          uniq_duvessa, uniq_sigmund

Notes
Turn   | Place    | Note
-------+----------+-------------------------------------------
     0 | D:1      | sanka the Gnoll Transmuter began the quest for the Orb.
     0 | D:1      | Reached XP level 1. HP: 17/17 MP: 6/6
   223 | D:1      | Reached XP level 2. HP: 19/23 MP: 5/7
   284 | D:1      | Learned a level 2 spell: Wereblood
   482 | D:1      | Reached XP level 3. HP: 28/28 MP: 7/9
   508 | D:1      | Reached skill level 5 in Spellcasting
   632 | D:1      | Found a faded altar of an unknown god.
  1088 | D:1      | Learned a level 3 spell: Spider Form
  1120 | D:2      | Reached skill level 1 in Invocations
  1267 | D:2      | Reached skill level 1 in Short Blades
  1267 | D:2      | Reached skill level 1 in Long Blades
  1267 | D:2      | Reached skill level 1 in Axes
  1267 | D:2      | Reached skill level 1 in Maces & Flails
  1267 | D:2      | Reached skill level 1 in Polearms
  1267 | D:2      | Reached skill level 1 in Staves
  1267 | D:2      | Reached skill level 1 in Slings
  1267 | D:2      | Reached skill level 1 in Bows
  1267 | D:2      | Reached skill level 1 in Crossbows
  1267 | D:2      | Reached skill level 1 in Throwing
  1267 | D:2      | Reached skill level 1 in Armour
  1267 | D:2      | Reached skill level 1 in Stealth
  1267 | D:2      | Reached skill level 1 in Shields
  1267 | D:2      | Reached skill level 1 in Evocations
  1582 | D:2      | Reached XP level 4. HP: 33/34 MP: 9/11
  1849 | D:2      | Found Owapt's Jewellery Shop.
  2268 | D:3      | Reached skill level 1 in Conjurations
  2268 | D:3      | Reached skill level 1 in Hexes
  2268 | D:3      | Reached skill level 1 in Summonings
  2268 | D:3      | Reached skill level 1 in Necromancy
  2268 | D:3      | Reached skill level 1 in Translocations
  2268 | D:3      | Reached skill level 1 in Fire Magic
  2268 | D:3      | Reached skill level 1 in Ice Magic
  2268 | D:3      | Reached skill level 1 in Air Magic
  2268 | D:3      | Reached skill level 1 in Earth Magic
  2268 | D:3      | Reached skill level 1 in Poison Magic
  2413 | D:3      | Reached XP level 5. HP: 40/40 MP: 10/12
  2674 | D:3      | Noticed Grinder
  2840 | D:3      | Found a basalt altar of Yredelemnul.
  2841 | D:3      | Noticed Jessica
  2862 | D:3      | Killed Jessica
  2863 | D:3      | Reached skill level 3 in Fighting
  2944 | D:3      | Reached skill level 4 in Transmutations
  3285 | D:3      | Killed Grinder
  3286 | D:3      | Reached skill level 2 in Short Blades
  3286 | D:3      | Reached skill level 2 in Long Blades
  3286 | D:3      | Reached skill level 2 in Axes
  3286 | D:3      | Reached skill level 2 in Maces & Flails
  3286 | D:3      | Reached skill level 2 in Polearms
  3286 | D:3      | Reached skill level 2 in Staves
  3286 | D:3      | Reached skill level 2 in Slings
  3286 | D:3      | Reached skill level 2 in Bows
  3286 | D:3      | Reached skill level 2 in Crossbows
  3286 | D:3      | Reached skill level 2 in Throwing
  3286 | D:3      | Reached skill level 2 in Armour
  3286 | D:3      | Reached skill level 5 in Dodging
  3286 | D:3      | Reached skill level 2 in Stealth
  3286 | D:3      | Reached skill level 2 in Shields
  3286 | D:3      | Reached skill level 2 in Invocations
  3286 | D:3      | Reached skill level 2 in Evocations
  3286 | D:3      | Reached XP level 6. HP: 33/47 MP: 12/14
  3543 | D:3      | Reached XP level 7. HP: 45/52 MP: 13/15
  3733 | D:4      | Reached skill level 7 in Unarmed Combat
  3864 | D:4      | Reached skill level 2 in Conjurations
  3864 | D:4      | Reached skill level 2 in Hexes
  3864 | D:4      | Reached skill level 2 in Summonings
  3864 | D:4      | Reached skill level 2 in Necromancy
  3864 | D:4      | Reached skill level 2 in Translocations
  3864 | D:4      | Reached skill level 2 in Fire Magic
  3864 | D:4      | Reached skill level 2 in Ice Magic
  3864 | D:4      | Reached skill level 2 in Air Magic
  3864 | D:4      | Reached skill level 2 in Earth Magic
  3864 | D:4      | Reached skill level 2 in Poison Magic
  4197 | D:4      | Reached skill level 3 in Invocations
  4794 | D:5      | Entered Level 5 of the Dungeon
  4795 | D:5      | Noticed Sigmund
  4806 | D:5      | Reached XP level 8. HP: 47/60 MP: 13/16
  4812 | D:5      | Reached skill level 4 in Fighting
  4815 | D:5      | Reached skill level 3 in Short Blades
  4815 | D:5      | Reached skill level 3 in Long Blades
  4815 | D:5      | Reached skill level 3 in Axes
  4815 | D:5      | Reached skill level 3 in Maces & Flails
  4815 | D:5      | Reached skill level 3 in Polearms
  4815 | D:5      | Reached skill level 3 in Staves
  4815 | D:5      | Reached skill level 3 in Slings
  4815 | D:5      | Reached skill level 3 in Bows
  4815 | D:5      | Reached skill level 3 in Crossbows
  4815 | D:5      | Reached skill level 3 in Throwing
  4815 | D:5      | Reached skill level 3 in Armour
  4815 | D:5      | Reached skill level 3 in Stealth
  4815 | D:5      | Reached skill level 3 in Shields
  4815 | D:5      | Reached skill level 3 in Evocations
  4827 | D:5      | Killed Sigmund
  4828 | D:5      | Reached skill level 6 in Spellcasting
  5431 | D:5      | Found an ancient bone altar of Kikubaaqudgha.
  5533 | D:5      | Found an iron altar of Okawaru.
  5565 | D:5      | Became a worshipper of Warmaster Okawaru
  5574 | D:5      | Found Ykicado's Book Shoppe.
  5770 | D:5      | Reached skill level 3 in Conjurations
  5770 | D:5      | Reached skill level 3 in Hexes
  5770 | D:5      | Reached skill level 3 in Summonings
  5770 | D:5      | Reached skill level 3 in Necromancy
  5770 | D:5      | Reached skill level 3 in Translocations
  5770 | D:5      | Reached skill level 3 in Fire Magic
  5770 | D:5      | Reached skill level 3 in Ice Magic
  5770 | D:5      | Reached skill level 3 in Air Magic
  5770 | D:5      | Reached skill level 3 in Earth Magic
  5770 | D:5      | Reached skill level 3 in Poison Magic
  5770 | D:5      | Reached skill level 4 in Invocations
  5861 | D:5      | HP: 5/61 [water moccasin (9)]
  5862 | D:5      | Succumbed to a water moccasin's poison

Vanquished Creatures
  Grinder (D:3)
  Sigmund (D:5)
  A sky beast (D:5)
  An ogre (D:5)
  2 phantoms (D:4)
  A bullfrog (D:5)
  2 necrophages (D:5)
  4 scorpions
  A howler monkey (D:4)
  2 hounds
  A scorpion zombie (D:3)
  Jessica (D:3)
  2 iguanas (D:5)
  12 adders
  2 worms
  2 dart slugs
  6 orcs
  11 ball pythons
  8 bats
  6 endoplasms
  4 giant cockroaches
  12 goblins
  6 hobgoblins
  9 jackals
  4 quokkas
  8 frilled lizards
  A giant cockroach zombie (D:3)
  7 kobolds
  A quokka zombie (D:3)
  3 rats
122 creatures vanquished.

Vanquished Creatures (others)
  2 withered plants (D:5)
2 creatures vanquished.

Grand Total: 124 creatures vanquished
